AoeStats
← DK

African Clearing

506688900Analyzed
4v4 RM · 17d ago on Sep 14, 2026· 29m 59s· 8 players
Game mode
Random Map
Map size
Large (8 player)
Population
200
Speed
Normal
Resources
Standard
Victory
Conquest
Starting age
Dark Age
Ending age
Imperial Age
RankedLock teamsTeams togetherTeam positionsShared explorationLock speedFull tech treeHidden civsTurbo modeCheats
Victory
Defeat
🇩🇪 Burmese · Germany
1068
+14
🇩🇪 Khmer · Germany
1056
+14
🇩🇪 Huns · Germany
1040
+15
🇩🇪 Burgundians · Germany
1014
+17
🇮🇱 Magyars · Israel
1026
-15
🇬🇧 Shu · United Kingdom
1020
-15
🇨🇴 Bohemians · Colombia
1020
-15
🇬🇧 Romans · United Kingdom
1013
-15
Arran
13:48 Feudal Age
17:17 Fletching
25:03 Castle Age
23:40 Padded Archer Armor
27:33 Bodkin Arrow
Quantum rage
9:04 Loom
14:58 Feudal Age
18:06 Gold Mining
22:23 Castle Age
20:51 Double-Bit Axe
24:13 Bow Saw
24:04 Stone Mining
26:14 Scale Mail Armor
26:56 Pikeman
Blazzer723
4:38 Loom
16:44 Feudal Age
17:57 Double-Bit Axe
18:16 Horse Collar
20:08 Stone Mining
22:48 Gold Mining
25:02 Castle Age
24:52 Scale Barding Armor
25:48 Bloodlines
25:54 Husbandry
26:13 Heavy Plow
Maxirod
3:35 Loom
13:23 Feudal Age
13:59 Town Watch
14:26 Double-Bit Axe
26:16 Castle Age
DK
9:09 Loom
13:52 Feudal Age
16:44 Fletching
16:59 Scale Barding Armor
22:32 Castle Age
21:51 Forging
23:24 Bodkin Arrow
25:41 Chain Barding Armor
27:19 Wheelbarrow
28:56 Bloodlines
28:47 Husbandry
Stumpi
9:50 Loom
12:31 Double-Bit Axe
14:44 Feudal Age
20:49 Castle Age
18:58 Gold Mining
19:50 Horse Collar
20:51 Cavalier
26:16 Wheelbarrow
28:07 Scale Barding Armor
1,3,7-Trimethylxanthine
4:51 Loom
13:37 Feudal Age
17:59 Bloodlines
23:56 Castle Age
23:54 Wheelbarrow
26:25 Double-Bit Axe
26:57 Husbandry
darkspire03
11:47 Loom
14:09 Feudal Age
18:55 Castle Age
19:18 Double-Bit Axe
20:32 Bow Saw
21:37 Scale Barding Armor
21:41 Husbandry
22:44 Bloodlines
26:27 Town Watch
30:18 Fletching
30:29 Padded Archer Armor
Connection lost

Rejoining the realm…

Still unreachable

The connection could not be restored.

Session expired

The server has moved on; the page needs a fresh start.